Nobbs, neutral male human Tourist --------- ------ ------------ |........###### .....| .*.........| ........| # #|....|# |..........| ----+- #|.......| ###|....-d@##-...........# |....-##########|.......| #.....|# |..........|# |.._.| #........| #|..{.| ..>........|# |..... #-------.- ----.- -|-.--------########### ----.-# ####### ## ------.---- ### # # |.........| ## ### +.........| ### # ### |.........| # ------ ---------.-- ### |.........| # |....+ |..........|# -|--.------#### |.........| ###|....| ............# |.........|# `#.).[......| #...<.| |..........|#########..........-# ----------- ------ ------------ |.........| ----------- Nobbs the Rambler Experience level: 1 Strength: 14 Dexterity: 11 Constitution: 15 Intelligence: 11 Wisdom: 12 Charisma: 13 Health: 0(10) Energy: 2(2) Def: 3 Gold: 1268 Moves: 1109 Dungeon seed: ciTDkY6qDR6UWKnJ Game ID: Nobbs_1510406080 Your Inventory: Coins $ - 1268 gold pieces Weapons a - 37 blessed +2 darts (in quiver) t - a blessed +2 dwarvish mattock y - 13 +0 darts z - a blessed +0 elven bow Armor e - an uncursed +0 Hawaiian shirt (being worn) q - a blessed +2 orcish helm (being worn) Comestibles b - 2 uncursed eggs c - 3 uncursed fortune cookies d - an uncursed tripe ration f - 2 uncursed candy bars g - an uncursed cream pie h - an uncursed food ration i - an uncursed sprig of wolfsbane j - an uncursed tin of spinach u - an uncursed lichen corpse Scrolls l - 3 uncursed scrolls of magic mapping m - a blessed scroll of magic mapping p - a cursed scroll of identify s - an uncursed scroll of identify Potions k - 2 uncursed potions of extra healing x - an uncursed potion of speed Tools n - an expensive camera (0:41) o - an uncursed credit card w - an uncursed towel Spells and supernatural/magical abilities: Name Level Category Fail Memory W - pray for help -- divine ? -- Your skills at the end: Fighting Skills Weapon Skills dart [Basic] Spellcasting Skills Final Attributes: You were nominally aligned. You are dead. Vanquished creatures: a gas spore a yellow mold 3 geckos 5 jackals 2 goblins 4 grid bugs a lichen 6 newts 23 creatures vanquished. Voluntary challenges: You were an atheist. You never hit with a wielded weapon. You were illiterate. You never genocided any monsters. You never polymorphed an object. You never changed form. You used no wishes. You never split a pudding. You never wrote Elbereth's name. You never violated your personal moral code. Dungeon overview: The Dungeons of Doom: levels 1 to 4 Level 1 a long staircase Level 2 stairs to The Gnomish Mines Level 3 Level 4 <- You were here an altar to Blind Io, a fountain The Gnomish Mines: Level 3 stairs to The Dungeons of Doom History has recorded: On T:1 you entered the Dungeons of Doom to retrieve the Amulet of Yendor! On T:302 you reached level 2 of The Dungeons of Doom. On T:333 you reached level 1 of The Gnomish Mines. On T:369 you reached level 3 of The Dungeons of Doom. On T:592 you reached level 4 of The Dungeons of Doom. Score breakdown: Gold: 503 ( 9192 points) Experience: 1 level ( 0 points) Exploration: 4 levels ( 8.89%) ( 7833 points) Discoveries: 0 items ( 0.00%) ( 0 points) Valuables value: (no points given unless you survive) Artifact value: 0 ( 0 points) Variety of kills: 8 monsters ( 2.10%) ( 4347 points) Turncount: 1109 turns ( 0 points) Survival: died (score multiplied by 80%) Total score: 17097 Latest messages: a - a blessed +2 dart (in quiver). $ - 33 gold pieces. You see here a runed bow. z - a runed bow. Where do you want to travel to? You stop travelling. The jackal bites! Fuffy bites the jackal. The jackal bites Fuffy. You kill the jackal! Fuffy eats a jackal corpse. a - a blessed +2 dart (in quiver). You kill the jackal! There is an open door here. You see here a jackal corpse. Fuffy eats a jackal corpse. You hit the gas spore. You kill the gas spore! You are caught in the gas spore's explosion! Final status: Aloha Nobbs the Tourist, killed by a gas spore's explosion... You died in The Dungeons of Doom on dungeon level 4 with 17097 points, and 1268 pieces of gold, after 1109 moves. You were level 1 with a maximum of 10 hit points when you died.